Map: Backwater LE

Players

A.I. 1 (Very Easy)

  • Race: Zerg Zerg
  • Spawn Location: 5:00

EpicMuleTime - Winner!

  • Race: Terran Terran
  • League: Diamond
  • Spawn Location: 11:00

VOD

Have the link to the VOD?

Description

Test Build

Time

  • Played on: March 11, 2018, 6:16 p.m.
  • Length: 10:21
Show
View Real Time Build Order
Export as new Build Order

A.I. 1 (Very Easy) Zerg 

Build Orders: Hatch First 

Get SALT Encoding   

  12  0:01  Drone  
  13  0:12  Overlord  
  13  0:17  Drone  
  14  0:42  Hatchery  
  13  0:45  Drone  
  14  1:01  Spawning Pool  
  13  1:05  Drone  
  13  1:08  Extractor  
  13  1:12  Drone  
  14  1:19  Overlord  
  14  1:48  Zergling x2  
  14  1:49  Queen  
  14  1:51  Zergling x2  
  18  1:57  Roach Warren  
  17  2:01  Drone  
  17  2:07  Extractor  
  17  2:12  Drone  
  18  2:17  Zergling x2  
  18  2:21  Drone  
  20  2:29  Drone  
  21  2:36  Drone  
  22  2:43  Drone  
  23  2:51  Drone  
  24  2:58  Drone  
  25  3:05  Roach, Drone  
  28  3:12  Drone  
  29  3:17  Overlord  
  29  3:20  Drone  
  30  3:27  Drone  
  31  3:35  Drone  
  32  3:42  Drone  
  32  3:47  Overlord  
  33  3:51  Drone  
  33  3:54  Roach  
  36  3:56  Lair  
  36  3:58  Drone  
  37  4:07  Drone  
  37  4:14  Drone  
  38  4:21  Drone  
  39  4:28  Drone  
  40  4:35  Drone  
  40  4:37  Overlord  
  41  4:42  Roach  
  41  4:43  Drone  
  44  4:50  Drone  
  45  4:53  Overseer  
  45  4:55  Overseer  
  45  4:57  Drone  
  46  5:04  Extractor  
  46  5:05  Drone  
  46  5:08  Extractor  
  46  5:12  Drone  
  46  5:19  Drone  
  47  5:26  Drone  
  48  5:31  Roach  
  48  5:33  Drone  
  51  5:41  Drone  
  52  8:40  Overseer, Overlord  
  52  9:31  Overlord, Zergling x2  
  53  9:36  Overseer  
  35  9:47  Drone  
  25  9:54  Drone  
  25  9:59  Roach  
  26  10:01  Overlord  
  26  10:03  Drone  
Show
View Real Time Build Order
Export as new Build Order

EpicMuleTime Terran - Winner!

Build Orders: Reaper Expand, Hellion Banshee, Mech 

Get SALT Encoding   

  12  0:02  SCV  
  13  0:14  SCV  
  14  0:19  Supply Depot  
  14  0:26  SCV  
  15  0:41  SCV  
  16  0:43  Barracks  
  16  0:47  Refinery  
  16  0:53  SCV  
  17  1:05  SCV  
  18  1:17  SCV  
  19  1:31  Reaper  
  19  1:32  Orbital Command  
  20  1:42  Command Center  
  20  1:57  Refinery  
  20  1:59  SCV  
  21  2:03  Marine  
  22  2:13  SCV  
  23  2:16  Supply Depot  
  23  2:18  Factory  
  23  2:32  Barracks Reactor  
  23  2:38  SCV  
  24  2:50  SCV  
  25  2:56  Orbital Command  
  25  3:03  SCV  
  26  3:08  Starport  
  26  3:15  Hellion x2  
  30  3:21  SCV  
  30  3:22  SCV  
  30  3:23  Supply Depot  
  30  3:24  Barracks Tech Lab  
  32  3:34  SCV  
  33  3:36  Hellion x2  
  33  3:38  SCV  
  38  3:45  Supply Depot  
  38  3:46  SCV  
  39  3:51  SCV  
  40  3:57  Viking  
  40  3:58  Cloaking Field  
  40  4:01  Hellion x2  
  46  4:03  SCV  
  46  4:08  SCV  
  48  4:20  Command Center  
  48  4:22  SCV x2  
  50  4:33  Hellion  
  50  4:34  Banshee  
  50  4:35  Supply Depot, Hellion  
  50  4:36  SCV  
  50  4:38  SCV  
  59  4:48  SCV  
  59  4:50  Refinery  
  59  4:51  SCV  
  59  4:52  Refinery  
  61  5:00  Factory  
  61  5:02  Factory  
  61  5:05  SCV x2  
  61  5:06  Barracks Tech Lab  
  63  5:12  Supply Depot, Hellion x2  
  67  5:19  SCV x2  
  69  5:31  SCV  
  69  5:32  Banshee  
  69  5:33  Armory  
  69  5:34  Supply Depot  
  73  5:39  Orbital Command, SCV  
  74  5:46  Factory Tech Lab  
  74  5:50  SCV  
  74  5:52  Hellion x2  
  79  6:02  SCV x2  
  81  6:11  Siege Tank x2, Factory  
  81  6:14  Factory  
  81  6:18  Supply Depot  
  87  6:20  SCV x2  
  87  6:21  SCV  
  90  6:26  Terran Vehicle Weapons Level 1  
  90  6:33  Starport Reactor  
  90  6:35  Hellion  
  90  6:36  Hellion  
  90  6:37  SCV x2  
  90  6:38  SCV  
  97  6:42  Supply Depot  
  97  6:44  Supply Depot  
  100  7:01  Factory Tech Lab  
  100  7:03  Factory Reactor  
  100  7:05  Hellion x2, SCV x3  
  100  7:08  Siege Tank, Supply Depot  
  107  7:13  Refinery  
  107  7:14  Siege Tank, Refinery  
  110  7:17  SCV  
  110  7:20  SCV  
  110  7:21  SCV  
  113  7:24  Siege Tank  
  113  7:28  Supply Depot  
  113  7:29  SCV  
  117  7:31  Hellion x2  
  117  7:32  Viking  
  117  7:33  SCV  
  117  7:34  Viking  
  126  7:37  Supply Depot  
  126  7:38  SCV  
  126  7:40  Siege Tank  
  130  7:45  Hellion  
  130  7:50  Siege Tank, Supply Depot, Hellion  
  137  7:56  Siege Tank, Supply Depot  
  140  8:01  Supply Depot  
  140  8:02  Hellion, Viking  
  140  8:04  Hellion, Viking  
  148  8:09  SCV  
  148  8:12  Siege Tank, SCV  
  153  8:13  Infernal Pre-Igniter  
  153  8:18  Supply Depot  
  153  8:19  Supply Depot  
  153  8:25  Siege Tank  
  153  8:26  Hellion  
  153  8:27  Hellion  
  160  8:29  Supply Depot  
  160  8:36  SCV x3  
  160  8:38  Siege Tank  
  166  8:41  Supply Depot  
  166  8:44  Siege Tank, Viking  
  166  8:47  Viking  
  173  8:50  Supply Depot  
  173  8:55  Hellion x2  
  177  9:04  Supply Depot  
  177  9:06  Thor  
  183  9:13  Command Center  
  183  9:15  Barracks Tech Lab  
  183  9:19  Hellion, Factory  
  183  9:20  Siege Tank, Factory  
  188  9:27  SCV x2  
  188  9:28  SCV  
  191  9:31  Viking x2  
  191  9:37  Siege Tank  
  194  9:38  Hellion  
  194  9:39  Hellion  
  199  9:57  Refinery  
  199  9:59  Refinery  
Tags
 
Add a new tag
Caveats
  • Supply blocks, unpowered buildings, or Contaminate may cause inaccurate times.
  • Supply counts are checked every 10 seconds.